 Dungeon Crawl Stone Soup version 0.24.0-41-g2ae2f7f1be (webtiles) character file.

Game seed: 11654612083971678276, levelgen mode: deterministic

368 Delamore the Cleaver (level 6, -2/76 HPs)
             Began as a Hill Orc Fighter on Dec 14, 2019.
             Was a Believer of Trog.
             Slain by an ogre
             ... wielding a +0 giant spiked club
              (10 damage)
             ... on level 3 of the Dungeon.
             The game lasted 00:03:08 (2832 turns).

Delamore the Cleaver (Hill Orc Fighter)             Turns: 2832, Time: 00:03:09

Health: -2/76      AC: 11    Str: 26    XL:     6   Next: 69%
Magic:  6/6        EV:  7    Int:  8    God:    Trog [**....]
Gold:   126        SH:  9    Dex: 10    Spells: 5/5 levels left

rFire    x . .     SeeInvis .   a - +0 war axe
rCold    + + .     Gourm    .   c - +0 shield
rNeg     . . .     Faith    .   h - +0 ice dragon scales
rPois    .         Spirit   .   p - +0 helmet
rElec    .         Reflect  .   (no cloak)
rCorr    .         Harm     .   (no gloves)
MR       .....                  (no boots)
Stlth    ..........             (no amulet)
HPRegen  0.22/turn              (no ring)
MPRegen  0.10/turn              (no ring)

@: berserking, very quick
A: no striking features
a: Berserk, Trog's Hand, Renounce Religion


You were on level 3 of the Dungeon.
You worshipped Trog.
Trog was pleased with you.
You were very hungry.

You visited 1 branch of the dungeon, and saw 4 of its levels.

You collected 126 gold pieces.

Inventory:

Hand Weapons
 a - a +0 war axe (weapon)
Armour
 c - a +0 shield (worn)
 h - +0 ice dragon scales (worn)
 p - a +0 helmet (worn)
Wands
 q - a wand of flame (6)
 s - a wand of random effects (14)
Scrolls
 k - a scroll of teleportation
 l - a scroll of enchant armour
 m - a scroll of fog
 o - 2 scrolls of remove curse
 t - a scroll of fear
 u - a scroll of amnesia
 v - a scroll of blinking
Potions
 b - 3 potions of degeneration {unknown}
 d - a potion of might
 e - a potion of heal wounds {unknown}
 i - 2 potions of lignification {unknown}
 j - 2 potions of brilliance {unknown}
 n - a potion of magic {unknown}
Comestibles
 f - 5 rations
 g - 2 chunks of flesh


   Skills:
 - Level 3.6 Fighting
 + Level 9.1 Axes
 - Level 3.2 Armour
 - Level 3.2 Shields


You had 5 spell levels left.
You didn't know any spells.
Your spell library was empty.

Dungeon Overview and Level Annotations

Branches:
Dungeon (4/15)
 Temple: D:4-7

Altars:
Trog

Annotations:
D:3 1 runed translucent door


Message History

The adder skeleton closely misses you. You block the adder skeleton's attack.
You see here a ration.
You block the adder skeleton's attack.
A leopard gecko comes into view.
The ogre hits you but does no damage.
There is a stone staircase leading up here.
The adder skeleton bites you but does no damage.
You climb upwards.
Level annotation: 1 runed translucent door
There is a stone staircase leading down here.
You slash the ogre!
The ogre is moderately wounded.
The ogre hits you with a +0 giant spiked club!
* * * LOW HITPOINT WARNING * * *
A red film seems to cover your vision as you go berserk!
You feel yourself moving faster!
You feel mighty!
You are feeling very hungry.
The ogre hits you with a +0 giant spiked club!
You die...

#...............
#.#####.###.###.
#.# #.# #.# #. #.#
#.###'###. #.#
#......... #.#
###.....## ##.##
##.......#
##...####....>....
#@O.....'.........
##...####.........
##.....###.......#
#...##.# ##.....##
###.#.##.# ##...##
#...#....# ##+##
#.#####..# #.#
#...#....# #.#
###.#.##.# ##.####


You could see an ogre.

Vanquished Creatures
  The ghost of VanClaymore the Digger, an amateur TrEE (D:3)
  Jessica (D:3)
  A worker ant (D:4)
  Terence (D:2)
  Natasha (thrice) (D:3)
  4 adders
  2 river rats (D:3)
  2 oozes
  An adder skeleton (D:4)
  3 worms
  3 dart slugs
  3 leopard geckos
  5 giant cockroaches
  6 goblins
  3 hobgoblins (D:1)
  5 bats
  5 frilled lizards
  7 kobolds
  5 rats
61 creatures vanquished.

Notes
Turn   | Place    | Note
-------+----------+-------------------------------------------
     0 | D:1      | Delamore the Hill Orc Fighter began the quest for the Orb.
     0 | D:1      | Reached XP level 1. HP: 19/19 MP: 1/1
    77 | D:1      | Reached skill level 3 in Axes
   181 | D:1      | Reached XP level 2. HP: 26/26 MP: 2/2
   568 | D:1      | Reached skill level 4 in Axes
   833 | D:1      | Reached XP level 3. HP: 23/31 MP: 3/3
  1167 | D:2      | Noticed Terence
  1176 | D:2      | Killed Terence
  1176 | D:2      | Reached skill level 5 in Axes
  1220 | D:2      | Reached XP level 4. HP: 39/39 MP: 4/4
  1268 | D:2      | Reached skill level 6 in Axes
  1315 | D:2      | Found a faded altar of an unknown god.
  1460 | D:2      | Became a worshipper of Trog the Wrathful
  1460 | D:2      | Reached * piety under Trog
  1904 | D:3      | Found a runed translucent door.
  1904 | D:3      | Noticed VanClaymore's ghost (amateur TrEE)
  1976 | D:3      | Noticed Jessica
  1987 | D:3      | Killed Jessica
  1987 | D:3      | Reached XP level 5. HP: 31/45 MP: 5/5
  2131 | D:3      | Noticed Natasha
  2138 | D:3      | Killed Natasha
  2138 | D:3      | Reached skill level 7 in Axes
  2204 | D:3      | Noticed Natasha
  2212 | D:3      | Killed Natasha
  2228 | D:3      | Noticed Natasha
  2236 | D:3      | Reached ** piety under Trog
  2244 | D:3      | Killed Natasha
  2288 | D:3      | Found a runed translucent door.
  2299 | D:3      | Reached skill level 8 in Axes
  2299 | D:3      | Reached XP level 6. HP: 48/51 MP: 6/6
  2718 | D:3      | Killed VanClaymore's ghost
  2786 | D:4      | Reached skill level 9 in Axes
  2832 | D:3      | Slain by an ogre

Levels and vault maps discovered:
D:1:      giann_bridges, layout_basic
D:2:      layout_basic, chequers_ecumenical_altar_lobes, wad_floor_pattern_2,
          uniq_terence
D:3:      layout_loops_corners, ebering_ghost_sewer_f, uniq_natasha,
          uniq_jessica
D:4:      layout_rooms, first_ration, lightli_ossuary_entry_decrepit_ruins,
          kennysheep_generic_room_6

Skill      XL: |  1  2  3  4  5  6 |
---------------+-------------------+-----
Axes           | 3 4 5 6 8 9 |  9.1
Fighting       | |  3.6
Armour         | |  3.2
Shields        | |  3.2

Action                   |  1- 3 |  4- 6 || total
-------------------------+-------+-------++-------
Melee: War axe           |   100 |   133 ||   233
Invok: Berserk           |       |     2 ||     2
  Use: Scroll            |     3 |     4 ||     7
  Eat: Chunk             |     1 |     6 ||     7
Armor: Ice dragon scales |    50 |    86 ||   136
       Scale mail        |     5 |       ||     5
Dodge: Dodged            |    26 |    39 ||    65
Block: Shield            |    40 |    54 ||    94
